[Event "Late-Titled-Tuesday-Blitz-June-25-2024"]
[Site "Chess.com"]
[Date "2024.06.25"]
[Round "4"]
[White "sari07"]
[Black "Winner_7777"]
[Result "1/2-1/2"]
[WhiteElo "2366"]
[BlackElo "2508"]
[TimeControl "180+1"]
[EndTime "14:37:32 PDT"]
[Termination "Game drawn by repetition"]

1. d4 d5 2. Nc3 Nf6 3. Bf4 a6 4. e3 Bf5 5. Nf3 e6 6. Ne5 Nfd7 7. g4 Bg6 8. h4 Nxe5 9. Bxe5 h5 10. g5 c5 11. Bd3 Bxd3 12. cxd3 Nc6 13. Qb3 b5 14. a4 b4 15. Ne2 c4 16. dxc4 Na5 17.
Qc2 dxc4 18. Nf4 Rc8 19. Qe4 Nb3 20. Rd1 c3 21. bxc3 bxc3 22. Qc2 Na5 23. d5 exd5 24.
Nxd5 Nc4 25. Nf6+ gxf6 26. Rxd8+ Rxd8 27. Bxf6 Rc8 28. Bxh8 Na3 29. Qxc3 Rxc3 30. Bxc3 Nc4 31. Ke2 Nb6 32. a5 Nd5 33. Bd4 Bb4 34. Bb6 Kd7 35.
Rd1 Kc6 36. f4 Nc3+ 37. Kd2 Nxd1+ 38. Kxd1 Kd5 39. Ke2 Ke4 40. Bc7 Bc3 41. Bb6 Bb4 42.
Kf2 Bc3 43. Ke2 Bb4 1/2-1/2

[Event "Late-Titled-Tuesday-Blitz-June-25-2024"]
[Site "Chess.com"]
[Date "2024.06.25"]
[Round "4"]
[White "Artyom_ChessMate"]
[Black "MarkusRagger"]
[Result "0-1"]
[WhiteElo "2552"]
[BlackElo "2799"]
[TimeControl "180+1"]
[EndTime "14:37:33 PDT"]
[Termination "MarkusRagger won on time"]

1. e4 e5 2. Nf3 Nc6 3. Bb5 a6 4. Bxc6 dxc6 5. O-O Bg4 6. h3 h5 7. d3 Qf6 8. Nbd2 Ne7 9. Re1 Ng6 10. d4 Rd8 11.
hxg4 hxg4 12. Nh2 Rxh2 13. Qxg4 Rh4 14. Qf5 Rf4 15. Qxf6 gxf6 16. dxe5 fxe5 17. Nf3 Rg4 18. Bg5 Be7 19. Bxe7 Kxe7 20. g3 f6 21. Nh2 Rg5 22.
Rad1 Rg8 23. Kf1 Nf8 24. c3 Ne6 25. Nf3 Rg4 26. Nh4 Rd8 27. Nf5+ Ke8 28. Rxd8+ Kxd8 29. f3 Rg8 30. Kf2 Rh8 31. Kg2 a5 32. Rd1+ Ke8 33. Rh1 Rxh1 34. Kxh1 Nc5 35. b3 Nd3 36. a3 Nc1 37. b4 a4 38. Ne3 Ne2 39. Kg2 Nxc3 40. Nc2 b5 41. Kf2 Ke7 42. Ke3 Nd1+ 43. Kd2 Nb2 44. f4 Nc4+ 45. Kd3 Kf7 46. Ke2 Kg6 47. Kf3 Kh5 0-1

[Event "Late-Titled-Tuesday-Blitz-June-25-2024"]
[Site "Chess.com"]
[Date "2024.06.25"]
[Round "4"]
[White "oskariot"]
[Black "zsizsi99"]
[Result "0-1"]
[WhiteElo "2731"]
[BlackElo "2567"]
[TimeControl "180+1"]
[EndTime "14:37:33 PDT"]
[Termination "zsizsi99 won by resignation"]

1. e4 c5 2. Nf3 Nc6 3. b4 Nxb4 4.
c3 Nc6 5. d4 cxd4 6. cxd4 d5 7.
exd5 Qxd5 8. Nc3 Qa5 9. Rb1 e6 10. Bd2 Nf6 11. Ne4 Qd8 12. Nxf6+ gxf6 13. Bd3 Bd6 14.
O-O Ne7 15. Be4 Nd5 16. Bxd5 exd5 17. Re1+ Be6 18. Rxb7 O-O 19. Bh6 Re8 20. Qd3 Bg4 21. Ne5 Bxe5 22. dxe5 Bh5 23. e6 Qa5 24. exf7+ Bxf7 25. Rf1 Bg6 26. Qd4 Re6 27. h4 Rae8 28. Rxa7 Qb5 29.
Qg4 Qxf1+ 30. Kh2 Qxf2 31. h5 Qf5 32. Rg7+ Kh8 33. Qxf5 Bxf5 34. Rd7 Be4 35. Bg7+ Kg8 36. h6 Re5 37. Bxf6 Rh5+ 38. Kg3 Rxh6 39. Rg7+ Kf8 40. Bd4 Rg6+ 41. Rxg6 hxg6 42. Kf4 Kf7 43. g4 Bf5 44. a4 Bxg4 45. Kxg4 Re4+ 0-1

[Event "Late-Titled-Tuesday-Blitz-June-25-2024"]
[Site "Chess.com"]
[Date "2024.06.25"]
[Round "4"]
[White "ATM622"]
[Black "ArchibaldCerveza29"]
[Result "0-1"]
[WhiteElo "2543"]
[BlackElo "2402"]
[TimeControl "180+1"]
[EndTime "14:37:33 PDT"]
[Termination "ArchibaldCerveza29 won by resignation"]

1. d4 Nf6 2. c4 g6 3. g3 Bg7 4.
Bg2 c6 5. Nf3 d5 6. O-O O-O 7.
b3 dxc4 8. bxc4 c5 9. Bb2 cxd4 10.
Nxd4 Qb6 11. Nb3 Rd8 12. Qc1 Be6 13. c5 Qa6 14. c6 Nxc6 15. Nc5 Qc4 16. Nxb7 Rdc8 17.
Qxc4 Bxc4 18. Rc1 Bd5 19. Bxd5 Nxd5 20. Bxg7 Kxg7 21. Nc3 Nxc3 22. Rxc3 Nd4 23. Rxc8 Rxc8 24. Kf1 Rc2 25. e3 Nf3 26. Kg2 Ne5 27. a4 h5 28.
a5 Nd3 29. Rf1 Rc7 30. Rb1 Rc2 31. Rf1 Rb2 32. Nd8 Ne5 33. h3 Ra2 34. Rb1 Rxa5 35.
Rb7 Kf6 36. f4 Ra2+ 37. Kf1 Nc4 38. e4 Nd2+ 39. Ke1 Nxe4 40. Nc6 Nxg3 41. Kd1 Nf5 42. Nxa7 Rh2 43. Nc6 Rxh3 44. Ke2 Rc3 45. Ne5 h4 46. Kf2 h3 47. Rb6+ Kg7 48. Rb7 Rc2+ 49. Kg1 h2+ 0-1

[Event "Late-Titled-Tuesday-Blitz-June-25-2024"]
[Site "Chess.com"]
[Date "2024.06.25"]
[Round "4"]
[White "norwaytoadog"]
[Black "GMChessrob"]
[Result "0-1"]
[WhiteElo "2377"]
[BlackElo "2641"]
[TimeControl "180+1"]
[EndTime "14:37:35 PDT"]
[Termination "GMChessrob won on time"]

1. e4 e5 2. Nf3 Nc6 3. Bb5 Nf6 4. d3 Bc5 5. Bxc6 dxc6 6. Nbd2 Nd7 7. Nb3 Be7 8. O-O O-O 9. Be3 c5 10. a4 b6 11. a5 Bb7 12. Nbd2 Re8 13. Qe2 f6 14. Nh4 Nf8 15. Nf5 Ne6 16. g3 Bf8 17. f4 exf4 18.
gxf4 g6 19. Ng3 f5 20. c3 Bh6 21. Qf2 Qxd3 22. Rad1 Rad8 23. exf5 Nd4 24. Bxd4 cxd4 25.
Nde4 Qc4 26. Nf6+ Kf7 27. Nxe8 Rxe8 28. fxg6+ hxg6 29. Rxd4 Qc6 30. h4 Bf8 31. f5 g5 32.
hxg5 Bc5 33. g6+ Kg8 34. f6 Rf8 35. f7+ Kg7 36. Nh5+ Kh6 37. Qf4+ Kxg6 38. Qf5+ Kh6 39.
Qf4+ Kg6 40. Qg4+ Kh6 41. Qg7+ Kxh5 42. Qg4+ Kh6 43. Qh4+ Kg6 0-1

[Event "Late-Titled-Tuesday-Blitz-June-25-2024"]
[Site "Chess.com"]
[Date "2024.06.25"]
[Round "4"]
[White "Hirna2005"]
[Black "Road2GM3000"]
[Result "0-1"]
[WhiteElo "2352"]
[BlackElo "2509"]
[TimeControl "180+1"]
[EndTime "14:37:35 PDT"]
[Termination "Road2GM3000 won by resignation"]

1. e4 c5 2. Nf3 d6 3. c3 Nf6 4. h3 Nc6 5. Bd3 g6 6. Bc2 Bg7 7. O-O e5 8. d4 exd4 9. cxd4 cxd4 10.
Nxd4 O-O 11. Be3 Re8 12. Nc3 Bd7 13. Ndb5 Nb4 14. Nxd6 Nxc2 15. Qxc2 Re6 16. Rfd1 Qc7 17. Bf4 Nh5 18. Bh2 Bc6 19. Nd5 Qa5 20. b4 Qd8 21. b5 Bxd5 22. exd5 Rxd6 23. Bxd6 Qxd6 24. Rac1 Rd8 25. Qc7 Qd7 26. Qxd7 Rxd7 27. Rc8+ Bf8 28. Re1 Kg7 29. Ree8 Bb4 30. Red8 Re7 31. d6 Re1+ 32.
Kh2 Rd1 33. d7 Kf6 34. g4 Nf4 35. Rc4 Bd6 36. Re8 Ne6+ 37. Kg2 Be7 38. Ra8 Rxd7 39. Rxa7 Bd6 40. a4 Nf4+ 41. Kf3 Nd5 42. a5 Bb8 43. Ra8 Be5 44. a6 Nb6 45. axb7 Rxb7 46. Rc6+ Kg7 47.
Re8 Bf6 48. Ke4 Nd7 49. Rd6 Nc5+ 50. Kd5 Rxb5 51. Kc4 Ra5 52. Rd5 Nb7 53. Rxa5 Nd6+ 54. Kd5 Nxe8 55. f4 h6 56. Ra6 Nc7+ 57. Kc6 Nxa6 58. g5 hxg5 59. fxg5 Bxg5 60. h4 Bxh4 0-1

[Event "Late-Titled-Tuesday-Blitz-June-25-2024"]
[Site "Chess.com"]
[Date "2024.06.25"]
[Round "4"]
[White "Juliana_Figueira"]
[Black "Flawless_Fighter"]
[Result "0-1"]
[WhiteElo "1965"]
[BlackElo "2776"]
[TimeControl "180+1"]
[EndTime "14:37:35 PDT"]
[Termination "Flawless_Fighter won by resignation"]

1. d4 Nf6 2. c4 e6 3. g3 d5 4. Bg2 Be7 5. Nf3 O-O 6. O-O c6 7. Qc2 b6 8. Nbd2 c5 9. e3 Bb7 10. Nb3 dxc4 11. Qxc4 Ba6 12. Qc2 Bxf1 13. Bxf1 Nbd7 14.
Bg2 Rc8 15. Bd2 cxd4 16. Qd3 Nc5 17. Qxd4 Nxb3 18. axb3 a5 19. Ne5 Qxd4 20. exd4 Bd6 21. f4 Nd5 22. Bxd5 Bxe5 23. dxe5 exd5 24. Bc3 Rfd8 25.
Rd1 d4 26. Bxd4 Rd5 27. Kf2 Rcd8 28. Ke3 h5 29. Rd2 Rb5 30. Rd3 Rbd5 31. Ke4 f5+ 32. Ke3 Kf7 33. Rd2 Ke6 34. h3 g6 35. h4 R8d7 36.
Rd3 Rb5 37. Rc3 Kf7 38. Rd3 Rb4 39. Rd2 Rxb3+ 40. Bc3 Rxd2 41. Kxd2 Rb5 42. Kd3 Ke6 43. Kd4 Rd5+ 44. Kc4 b5+ 45. Kb3 b4 46. Be1 Rd1 47. Bf2 Rd3+ 48. Kc4 Rd2 49. Bd4 a4 50. Bc5 Rxb2 51. Bxb4 Rg2 52. Be1 a3 53. Kb3 a2 54.
Bc3 Rxg3 55. Kxa2 Rxc3 56. Kb2 Rf3 57. Kc2 Rxf4 58. Kd2 Rxh4 59. Ke3 Re4+ 60. Kf3 Rxe5 0-1

[Event "Late-Titled-Tuesday-Blitz-June-25-2024"]
[Site "Chess.com"]
[Date "2024.06.25"]
[Round "4"]
[White "MathiasWomacka"]
[Black "NigiriSushies"]
[Result "1-0"]
[WhiteElo "2528"]
[BlackElo "2297"]
[TimeControl "180+1"]
[EndTime "14:37:35 PDT"]
[Termination "MathiasWomacka won on time"]

1. e4 c5 2. Nf3 d6 3. d4 cxd4 4. Nxd4 Nf6 5. Nc3 a6 6. Be2 e5 7. Nb3 Be6 8. f4 Be7 9. f5 Bd7 10. g4 h6 11. g5 hxg5 12. Bxg5 Nc6 13. Qd2 b5 14. a3 Ng4 15. Bxe7 Qxe7 16. Bxg4 Qh4+ 17.
Qf2 Qxg4 18. Rg1 Qh5 19. Nd5 Kf8 20. Qg3 Qh4 21. O-O-O Qxg3 22. Rxg3 Rxh2 23. Nb6 Rd8 24. Rxd6 Be8 25. Rxd8 Nxd8 26. Nc5 Nc6 27. c3 a5 28. Nc8 b4 29. Nd6 bxc3 30. bxc3 Ra2 31. a4 Ra1+ 32. Kb2 Re1 33. Nxe8 Kxe8 34. Rxg7 Nd8 35.
Rg8+ Ke7 36. f6+ Kxf6 37. Rxd8 Kg5 38. Rd5 Kf4 39. Nd3+ Kxe4 40. Rxe5+ Kxd3 41. Rxe1 f6 42. Rf1 1-0

[Event "Late-Titled-Tuesday-Blitz-June-25-2024"]
[Site "Chess.com"]
[Date "2024.06.25"]
[Round "4"]
[White "K_A_S_T_O_R"]
[Black "Njal28"]
[Result "0-1"]
[WhiteElo "2858"]
[BlackElo "3107"]
[TimeControl "180+1"]
[EndTime "14:37:37 PDT"]
[Termination "Njal28 won by resignation"]

1. e4 e5 2. Nf3 Nc6 3. Bb5 a6 4. Ba4 d6 5. O-O Bg4 6. h3 h5 7.
Bxc6+ bxc6 8. d3 Qf6 9. Be3 Ne7 10. Nbd2 Qg6 11. Nh4 Bxd1 12. Nxg6 Nxg6 13. Rfxd1 c5 14. a3 a5 15. b4 axb4 16. axb4 Rxa1 17. Rxa1 cxb4 18. Ra7 c5 19. Nc4 Be7 20. Nb6 O-O 21. Nd5 Re8 22. g3 h4 23. Kg2 Bf8 24. f4 hxg3 25. f5 Ne7 26. Nc7 Rc8 27. Kxg3 Nc6 28. Rb7 c4 29. Nd5 b3 30. dxc4 bxc2 31. Rb2 Nd4 32.
Nb6 Rc6 33. Kf2 g6 34. f6 Kh7 35. Ke1 Bh6 36. Bxh6 Kxh6 37. Kd2 Kg5 38. Rb4 Kxf6 39.
Nd5+ Kg5 40. Ne3 Ra6 41. Rb2 Kf4 42. Nxc2 Nxc2 43. Kxc2 Kxe4 44. Kc3 f5 45. Rd2 f4 0-1

[Event "Late-Titled-Tuesday-Blitz-June-25-2024"]
[Site "Chess.com"]
[Date "2024.06.25"]
[Round "4"]
[White "Pitomina"]
[Black "KNVB"]
[Result "1-0"]
[WhiteElo "2541"]
[BlackElo "2689"]
[TimeControl "180+1"]
[EndTime "14:37:37 PDT"]
[Termination "Pitomina won by resignation"]

1. d4 e5 2. dxe5 Nc6 3. Nf3 Qe7 4. Bf4 Qb4+ 5. Bd2 Qxb2 6. Nc3 Bb4 7. Rb1 Qxc3 8.
Bxc3 Bxc3+ 9. Nd2 Nxe5 10. e3 Nf6 11. Bd3 d5 12. O-O O-O 13. Nf3 Nxf3+ 14. Qxf3 Be5 15. h3 b6 16. c4 Be6 17. Rfc1 Rae8 18. Bf5 Bxf5 19.
Qxf5 Bd6 20. cxd5 Re5 21. Qc2 Rxd5 22. Rd1 Rc5 23. Qa4 Ra5 24. Qb3 Ne4 25. Rd4 Re8 26.
Rbd1 Rae5 27. Rd5 R5e6 28. Qc2 Nc5 29. g3 g6 30. Kg2 Be7 31. h4 h5 32. Qe2 Kg7 33. Qb5 Bd6 34. Qb2+ Kg8 35. R1d3 Nxd3 36. Rxd3 Re5 37. Qc2 Rc5 38. Qe2 Ra5 39. Rd2 Re6 40. Qf3 Kg7 41. Qb7 Re7 42. Rxd6 cxd6 43. Qxe7 Rxa2 44.
Qxd6 Ra5 45. Qd4+ Kg8 46. e4 Rc5 47. e5 Rc6 48. Qd7 Re6 49. Qxa7 Kg7 50. Qc7 b5 51.
Qb8 b4 52. Qxb4 Rxe5 53. Qd4 f6 54. Qd7+ Kg8 55. Kf3 Rf5+ 56. Qxf5 gxf5 57. Kf4 Kg7 58. Kxf5 Kf7 59. f3 Kg7 60. Ke6 Kg6 61. f4 Kg7 62. f5 Kh7 63. Kxf6 Kh6 64. Ke7 Kg7 65. f6+ Kg6 66. f7 Kf5 67. f8=Q+ Kg4 68. Qf4+ Kh3 1-0

[Event "Late-Titled-Tuesday-Blitz-June-25-2024"]
[Site "Chess.com"]
[Date "2024.06.25"]
[Round "4"]
[White "ninjatrick"]
[Black "Dyadya81"]
[Result "1/2-1/2"]
[WhiteElo "2504"]
[BlackElo "2777"]
[TimeControl "180+1"]
[EndTime "14:37:38 PDT"]
[Termination "Game drawn by repetition"]

1. e4 c6 2. d4 d5 3. Nd2 dxe4 4. Nxe4 Bf5 5. Ng3 Bg6 6. h4 h6 7. h5 Bh7 8. Nf3 Nd7 9. Bc4 e6 10. Be3 Ngf6 11. Qe2 Qa5+ 12. Bd2 Bb4 13. c3 Be7 14. O-O-O b5 15. Bb3 Qc7 16. Rhe1 a5 17. a4 bxa4 18. Bxa4 Nb6 19. Bc2 Bxc2 20. Kxc2 a4 21. Ne5 O-O 22. Ng6 Rfb8 23. Nf5 Bf8 24. Bf4 Qb7 25. Nxf8 exf5 26. Bxb8 Rxb8 27. Ng6 Nbd5 28. Ne7+ Nxe7 29. Qxe7 Qxb2+ 30.
Kd3 Nd5 31. Qc5 Nf4+ 32. Ke3 Nxg2+ 33. Kf3 Nxe1+ 34. Rxe1 a3 35. Qxc6 Kh7 36. Qd5 Qxc3+ 37. Re3 Qb4 38. Qxf7 Qxd4 39. Qg6+ Kh8 40. Re8+ Rxe8 41.
Qxe8+ Kh7 42. Qg6+ Kh8 43. Qe8+ Kh7 44. Qg6+ Kg8 45. Qe8+ Kh7 1/2-1/2

[Event "Late-Titled-Tuesday-Blitz-June-25-2024"]
[Site "Chess.com"]
[Date "2024.06.25"]
[Round "4"]
[White "GMsKoRPioN"]
[Black "pinelone"]
[Result "1/2-1/2"]
[WhiteElo "2607"]
[BlackElo "2429"]
[TimeControl "180+1"]
[EndTime "14:37:40 PDT"]
[Termination "Game drawn by repetition"]

1. d4 Nf6 2. c4 e6 3. Nc3 Bb4 4.
Qc2 O-O 5. a3 Bxc3+ 6. Qxc3 b6 7. Nf3 Bb7 8. g3 d6 9. Bg2 Nbd7 10. O-O c5 11. b4 Qc7 12. dxc5 bxc5 13. b5 d5 14. Bf4 Qb6 15. a4 dxc4 16. Qxc4 Bd5 17. Qc2 a6 18. bxa6 Qxa6 19. Ne5 Bxg2 20. Kxg2 Qb7+ 21.
Kg1 Nd5 22. Nxd7 Nxf4 23. Nf6+ gxf6 24. gxf4 Kh8 25. f3 Rg8+ 26. Kh1 Qb4 27. e3 Rgd8 28. Rfc1 Qd2 29. Qxd2 Rxd2 30. Rxc5 Rb8 31. Rh5 Rbb2 32. a5 Kg7 33. a6 Ra2 34. Rg1+ Kf8 35. Rxh7 Rxa6 36.
Rh8+ Ke7 37. Rhg8 Raa2 38. R8g2 Rxg2 39. Rxg2 Ra1+ 40. Rg1 Ra2 41. Re1 Rf2 42. Kg1 Ra2 43. h4 f5 44. e4 Kf6 45. Rf1 Kg6 46. Rf2 Ra4 47. Rg2+ Kh5 48. exf5 Rxf4 49. Rg5+ Kxh4 50. fxe6 fxe6 51. Re5 Rxf3 52. Rxe6 Rb3 53. Kf2 Kg4 54. Rc6 Kf5 55. Rc4 Ke5 56. Ke2 Kd5 57. Rh4 Kc5 58. Kd2 Kb5 59. Rh5+ Kb4 60. Rh4+ Kb5 61. Kc2 Rf3 62. Rh5+ Kc4 63. Kd2 Kd4 64. Ke2 Rb3 65.
Rh4+ Kd5 66. Rf4 Ke5 67. Rf8 Ke4 68. Re8+ Kd4 69. Rd8+ Ke4 70. Re8+ Kd4 71. Kf2 Kd5 72. Ke2 Kd4 1/2-1/2

[Event "Late-Titled-Tuesday-Blitz-June-25-2024"]
[Site "Chess.com"]
[Date "2024.06.25"]
[Round "4"]
[White "nindjaxx8"]
[Black "yaguigor"]
[Result "0-1"]
[WhiteElo "2721"]
[BlackElo "2563"]
[TimeControl "180+1"]
[EndTime "14:37:41 PDT"]
[Termination "yaguigor won by resignation"]

1. d4 d5 2. c4 c6 3. Nc3 Nf6 4. cxd5 cxd5 5. Bf4 Nc6 6. e3 Bf5 7. Nf3 e6 8. Bd3 Bxd3 9. Qxd3 a6 10. O-O Be7 11.
a3 O-O 12. Rac1 Qa5 13. Ne2 Rfc8 14. Ng3 Qb5 15. Qb1 Na5 16. Bg5 h6 17. Bxf6 Bxf6 18. Nh5 Be7 19. Ne5 Nb3 20. Rxc8+ Rxc8 21. Re1 Bd6 22. h3 Bxe5 23. dxe5 Qc4 24. Qd1 Qc1 25. Qe2 Qxe1+ 26. Qxe1 Rc1 27. Kf1 Nd2+ 28. Ke2 Rxe1+ 29. Kxe1 Nc4 30. Kd1 Nxb2+ 31. Kc2 Nc4 32. Kb3 Nxe5 33. Kb4 Nd3+ 34. Ka5 Nxf2 35. Kb6 Nd1 36. Kxb7 Nxe3 37.
Kxa6 d4 38. Ng3 d3 39. Ne4 Nc4 40. a4 d2 41. Nxd2 Nxd2 42. Kb5 Nb3 43. Kb4 Nd4 44. Kc5 e5 45. Kd5 Nb3 46. Kxe5 Kf8 47. Kd5 Ke7 48.
Kc4 Na5+ 49. Kb5 Nb7 50. Kb6 Nd6 51. Kc6 Nc4 52. Kc5 Ne5 53. a5 Kd7 54. a6 Nc6 55. Kb6 Kd6 56. Kb7 f5 57. Kb6 g5 58. Kb5 Kd5 59. Kb6 f4 60. Kc7 h5 61. Kd7 g4 62.
hxg4 0-1

[Event "Late-Titled-Tuesday-Blitz-June-25-2024"]
[Site "Chess.com"]
[Date "2024.06.25"]
[Round "4"]
[White "mostafa_sakha"]
[Black "enriquebutti"]
[Result "1-0"]
[WhiteElo "2446"]
[BlackElo "2189"]
[TimeControl "180+1"]
[EndTime "14:37:41 PDT"]
[Termination "mostafa_sakha won by resignation"]

1. d4 Nf6 2. c4 e6 3. Nc3 c5 4. d5 exd5 5. cxd5 d6 6. e4 g6 7. h3 Bg7 8. Nf3 O-O 9. Bd3 b6 10.
O-O Ba6 11. Re1 c4 12. Bc2 b5 13. a3 Nbd7 14. Bf4 Qb6 15. e5 dxe5 16. Nxe5 Nxe5 17.
Bxe5 Rad8 18. Qf3 Bb7 19. Rad1 Rfe8 20. Qg3 Qc5 21. Bc7 Rxe1+ 22. Rxe1 Rc8 23. d6 a5 24. Re5 Qc6 25. Rxb5 Nh5 26. Qf3 Qxb5 27. Nxb5 Bxf3 28. gxf3 Nf6 29. Na7 Ra8 30. Nc6 Bf8 31.
Ba4 Rc8 32. Nxa5 Ra8 33. Nxc4 Rxa4 34. b4 Ra8 35. Kf1 Nd5 36. Ke2 Nxc7 37. dxc7 Rc8 38. Kd3 Rxc7 39. b5 Rb7 40. a4 Bc5 41. Ke4 Kf8 42.
Kd5 Ke7 43. Kxc5 1-0

[Event "Late-Titled-Tuesday-Blitz-June-25-2024"]
[Site "Chess.com"]
[Date "2024.06.25"]
[Round "4"]
[White "artin10862"]
[Black "SpeedofLight0"]
[Result "0-1"]
[WhiteElo "2904"]
[BlackElo "3155"]
[TimeControl "180+1"]
[EndTime "14:37:42 PDT"]
[Termination "SpeedofLight0 won by resignation"]

1. c4 g6 2. g3 Bg7 3. Bg2 Nf6 4. Nc3 O-O 5. d4 d6 6. e3 e5 7.
Nge2 c6 8. h3 h5 9. O-O Re8 10.
Qc2 a5 11. Rd1 Qe7 12. e4 Na6 13. d5 cxd5 14. cxd5 Bd7 15. a4 Rec8 16. Be3 Qf8 17. Qd2 Nc5 18. Ra3 Kh7 19. f3 Bh6 20. g4 Bxe3+ 21.
Qxe3 Qd8 22. Ng3 h4 23. Nf1 Kg7 24. Qf2 Nh7 25. Ne3 Ng5 26. Bf1 Qf6 27. Kg2 Qe7 28. Bb5 Rh8 29. Bxd7 Nxd7 30. Nb5 Rac8 31. Rc3 Rxc3 32.
Nxc3 Nc5 33. Qe2 Ra8 34. Nc4 f6 35. Ra1 Kh7 36. Nb5 Nf7 37. Qf2 f5 38. gxf5 gxf5 39. Kh1 Rg8 40. Rg1 Rxg1+ 41. Qxg1 fxe4 42. Nbxd6 Nd3 43. Nxe4 Nf4 44. Qg4 Nh6 45. Qh5 Nxh5 46. d6 Qe6 0-1

[Event "Late-Titled-Tuesday-Blitz-June-25-2024"]
[Site "Chess.com"]
[Date "2024.06.25"]
[Round "4"]
[White "mouseslips_are_the_best"]
[Black "FloMasterAAK"]
[Result "1/2-1/2"]
[WhiteElo "2368"]
[BlackElo "2624"]
[TimeControl "180+1"]
[EndTime "14:37:42 PDT"]
[Termination "Game drawn - insufficient material"]

1. e4 e5 2. Nf3 Nc6 3. d4 exd4 4.
Nxd4 Nf6 5. Nxc6 bxc6 6. Bd3 Bc5 7. e5 Qe7 8. O-O Nd5 9. a3 a5 10. c4 Nb6 11. Nc3 O-O 12. Re1 Ba6 13. Qh5 g6 14. Qh6 f6 15. Bf4 Qg7 16. Ne4 Bd4 17.
Nxf6+ Rxf6 18. Qxg7+ Kxg7 19. exf6+ Bxf6 20. Rac1 d6 21.
Rc2 Na4 22. b3 Nc5 23. Be4 Re8 24. Rce2 Nxb3 25. Bxc6 Rxe2 26. Rxe2 Bxc4 27. Rc2 d5 28.
Bxc7 Nd4 29. Rxc4 dxc4 30. Ba4 c3 31. Bxa5 c2 32. Bd2 Ne2+ 33. Kf1 c1=Q+ 34. Bxc1 Nxc1 35. Bc2 Na2 36. a4 Nb4 37. Bb3 Bd4 38. Ke2 Kf6 39.
f3 h5 40. h4 Kf5 41. g3 Be5 42. Kf2 Nd3+ 43. Ke3 Nc5 44. Bc2+ Kf6 45. g4 hxg4 46.
fxg4 Ne6 47. h5 gxh5 48. gxh5 Kg5 49. Bd1 Bc7 50. Ke4 Nc5+ 51. Kd5 Nd3 52. Kc6 Bd8 53. Kd7 Ba5 54. Kc6 Nb2 55. Bc2 Kxh5 56. Kb5 Bc7 57. a5 Bb8 58. a6 Kg5 59. Kb6 Nc4+ 60. Kb7 Be5 61. a7 Nd6+ 62. Ka6 Ne8 63. Kb7 Nc7 64. Be4 Kf6 65. Kc6 Ke7 66. Kb7 Kd6 67. Bc6 Bd4 68. a8=Q Nxa8 69. Kxa8 1/2-1/2

[Event "Late-Titled-Tuesday-Blitz-June-25-2024"]
[Site "Chess.com"]
[Date "2024.06.25"]
[Round "4"]
[White "rychessmaster1"]
[Black "AryanTari"]
[Result "0-1"]
[WhiteElo "2796"]
[BlackElo "3023"]
[TimeControl "180+1"]
[EndTime "14:37:43 PDT"]
[Termination "AryanTari won by resignation"]

1. d4 d5 2. c4 e6 3. Nc3 c5 4. cxd5 cxd4 5. Qa4+ Bd7 6. Qxd4 exd5 7. Qxd5 Nf6 8. Qb3 Na6 9. Nf3 Nc5 10. Qc2 Rc8 11. e3 Nce4 12. Bd2 Bb4 13. Bd3 Nxd2 14. Qxd2 Nd5 15. Rc1 Qa5 16. O-O Nxc3 17. bxc3 Bxc3 18. Qe2 O-O 19. Rfd1 Ba4 20. Bc2 Bb2 21. Bxh7+ Kxh7 22. Qxb2 Bxd1 23. Rxd1 Rc7 24. g3 Qf5 25. Kg2 Re8 26. Rd4 f6 27. Qb3 Qe6 28. Qd3+ Kg8 29. a4 Kf7 30. Rf4 Kg8 31. Rd4 Qc6 32. Qg6 f5 33. Qg5 Qf6 34. Qf4 Rce7 35. Rd6 Re6 36. Rd7 R6e7 37. Rd6 Re4 38. Rxf6 Rxf4 39. gxf4 gxf6 40.
Nd4 Rc8 41. h4 Rc4 42. a5 Ra4 43. Nxf5 Rxa5 44. Nd6 b5 45. e4 b4 46. Kf3 b3 47.
Nc4 Rc5 48. Nb2 Rc2 0-1

[Event "Late-Titled-Tuesday-Blitz-June-25-2024"]
[Site "Chess.com"]
[Date "2024.06.25"]
[Round "4"]
[White "Grischuk"]
[Black "Statham_01"]
[Result "1-0"]
[WhiteElo "3126"]
[BlackElo "2711"]
[TimeControl "180+1"]
[EndTime "14:37:43 PDT"]
[Termination "Grischuk won by resignation"]

1. d4 d5 2. Nf3 Nf6 3. Bg5 Ne4 4.
Bh4 h6 5. Nbd2 Bf5 6. e3 Nd7 7. c4 c6 8. Nxe4 dxe4 9. Nd2 g5 10. Bg3 Bg7 11. h4 e5 12. hxg5 exd4 13. gxh6 Rxh6 14. Rxh6 Bxh6 15. Qh5 Qf6 16. Bh4 Qe6 17. Be2 dxe3 18.
fxe3 Ne5 19. O-O-O Bf8 20. Rf1 Bg6 21. Qh8 Kd7 22.
Nb3 Nd3+ 23. Kb1 Kc7 24. c5 b6 25. Nd4 Qd5 26. Be7 Kb7 27. Bxf8 Qc4 28. Qf6 Qb4 29. Nc2 Qd2 30. Bg4 Rxf8 31. Qe7+ Ka6 32. Qxf8 Ne1 33. Rxe1 f5 34. cxb6 fxg4 35. Qa3+ Kxb6 36.
Qb4+ Qxb4 37. Nxb4 Kc5 38. Nc2 Kc4 39. Rd1 a5 40. Kc1 a4 41. Na3+ Kc5 42. Rd4 g3 43.
Kd2 Bh5 44. Rxe4 Bf3 45. gxf3 1-0

[Event "Late-Titled-Tuesday-Blitz-June-25-2024"]
[Site "Chess.com"]
[Date "2024.06.25"]
[Round "4"]
[White "Laico"]
[Black "Snowball-03"]
[Result "1-0"]
[WhiteElo "2454"]
[BlackElo "2633"]
[TimeControl "180+1"]
[EndTime "14:37:43 PDT"]
[Termination "Laico won by resignation"]

1. e4 c5 2. Nc3 Nc6 3. f4 g6 4. Nf3 Bg7 5. Bb5 Nd4 6. O-O e6 7. d3 Ne7 8. Nxd4 cxd4 9. Ne2 O-O 10. Ba4 d6 11. Bb3 b5 12. Ng3 a5 13. a4 bxa4 14.
Rxa4 Bd7 15. Ra1 a4 16. Ba2 Qb6 17. Kh1 f5 18. exf5 Nxf5 19. Qg4 d5 20. Nxf5 Rxf5 21. Rb1 Raf8 22. Bd2 Qd6 23. Qe2 h5 24. Qe1 Kh7 25. Bb4 Qc7 26. Bxf8 Rxf8 27. Qd2 Bh6 28. c3 Rxf4 29. Rxf4 Bxf4 30. Qf2 Be5 31. Qf7+ Bg7 32. cxd4 a3 33. bxa3 Qc2 34. Qxd7 Qxa2 35. Rf1 Qxa3 36. h3 Qxd3 37. Rf7 Qxd4 38. Qxe6 Kh6 39. Rf1 Qh4 40.
Qxd5 Qg3 41. Qf3 Qd6 42. Qf4+ Qxf4 43. Rxf4 Kg5 44. Rc4 h4 45. Kg1 Be5 46. Kf1 Bg3 47.
Ke2 Kf5 48. Kf3 g5 49. Rc5+ Kf6 50. Kg4 Bf4 51. Rf5+ Ke6 52. Rxf4 gxf4 53. Kxf4 Kf6 54. Kg4 1-0

[Event "Late-Titled-Tuesday-Blitz-June-25-2024"]
[Site "Chess.com"]
[Date "2024.06.25"]
[Round "4"]
[White "jens1102"]
[Black "Beaterawn"]
[Result "1-0"]
[WhiteElo "2606"]
[BlackElo "2405"]
[TimeControl "180+1"]
[EndTime "14:37:44 PDT"]
[Termination "jens1102 won on time"]

1. Nf3 f5 2. g3 g6 3. Bg2 Bg7 4.
O-O e5 5. d4 e4 6. Ng5 d5 7. c4 c6 8. Nc3 Nf6 9. Nh3 O-O 10. Qb3 Kh8 11. cxd5 Nxd5 12. Nf4 Nxf4 13. Bxf4 Qxd4 14. Rad1 Qf6 15. Rd6 Qe7 16. Rfd1 Na6 17. Qc4 Nc7 18. h4 Be6 19. Qc5 Qf7 20. h5 Nd5 21. h6 Bf6 22. Nxd5 Bxd5 23. b4 Kg8 24. b5 Be7 25. bxc6 bxc6 26. e3 Bxd6 27. Bxd6 Rfe8 28.
Bf1 Rad8 29. Bf4 Qf6 30. Qxa7 g5 31. Bc7 Rd7 32. Qb6 Qxh6 33. Bc4 Qe6 34. Be2 Rc8 35. Bb8 Qe8 36. Ba7 Qf7 37. Qc5 Rxa7 38. Rxd5 Qxd5 39. Bc4 Qxc4 40. Qxc4+ Rf7 41. Qc5 1-0

[Event "Late-Titled-Tuesday-Blitz-June-25-2024"]
[Site "Chess.com"]
[Date "2024.06.25"]
[Round "4"]
[White "chesspilot01"]
[Black "ErikRonka"]
[Result "0-1"]
[WhiteElo "2321"]
[BlackElo "2502"]
[TimeControl "180+1"]
[EndTime "14:37:44 PDT"]
[Termination "ErikRonka won by resignation"]

1. Nf3 Nf6 2. c4 g6 3. Nc3 Bg7 4. e4 d6 5. d4 O-O 6. Be2 e5 7. dxe5 dxe5 8. Qxd8 Rxd8 9. Bg5 c6 10. O-O Re8 11.
Rad1 Na6 12. Rd6 Nd7 13. Rfd1 Nf8 14. Bf6 Bg4 15. Bxg7 Kxg7 16. h3 Bxf3 17. Bxf3 Ne6 18. Bg4 Nd4 19. Ne2 Nxe2+ 20. Bxe2 Nc5 21. Bf3 a5 22. a3 a4 23. Kf1 Kf8 24. Ke2 Ke7 25. Ke3 Red8 26. Rxd8 Rxd8 27. Rxd8 Kxd8 28. Bd1 Kc7 29.
Bc2 b5 30. cxb5 cxb5 31. g3 Kc6 32. f4 f6 33. g4 Ne6 34. fxe5 fxe5 35. h4 Kc5 36.
Bd3 Nd4 37. Kd2 Nf3+ 38. Ke3 Nxh4 39. Kf2 g5 40. Kg3 Ng6 41. Bf1 Nf4 42. Kf3 Ne6 43.
Ke3 Nd4 44. Kd3 b4 45. Ke3 bxa3 46. bxa3 Nc2+ 47. Kd3 Nxa3 48. Kc3 Nb5+ 49. Kb2 Nd6 50. Bd3 Kd4 51. Bc2 Nxe4 52. Bxa4 Nf2 53. Bc2 h6 0-1

[Event "Late-Titled-Tuesday-Blitz-June-25-2024"]
[Site "Chess.com"]
[Date "2024.06.25"]
[Round "4"]
[White "dennisodessa"]
[Black "AlexanderMatlak"]
[Result "1-0"]
[WhiteElo "2665"]
[BlackElo "2457"]
[TimeControl "180+1"]
[EndTime "14:37:45 PDT"]
[Termination "dennisodessa won on time"]

1. d4 Nf6 2. c4 c5 3. d5 e6 4. Nc3 exd5 5. cxd5 d6 6. e4 g6 7. h3 Bg7 8. Nf3 O-O 9. Bd3 b5 10. Bxb5 Nxe4 11. Nxe4 Qa5+ 12. Nfd2 Qxb5 13. Nxd6 Qa6 14. N2c4 Nd7 15. O-O Ne5 16. Nxe5 Qxd6 17. Nc4 Qa6 18. Qe2 Bd7 19. Be3 Rfe8 20. Rfc1 Rab8 21. Qd2 Rb4 22. b3 Rc8 23. Bh6 Bd4 24. Be3 Bg7 25. Rd1 Bxa1 26.
Rxa1 Rxb3 27. axb3 Qxa1+ 28. Kh2 Re8 29. Bxc5 Bb5 30.
Bd4 Qa6 31. Qf4 Bxc4 32. bxc4 f6 33. Qxf6 Qxf6 34. Bxf6 Kf7 35. Bd4 a5 36. c5 a4 37.
c6 a3 38. c7 Rc8 39. Be5 Ke7 40. f4 Kd7 41. d6 1-0